AoeStats
← SpaceWolf

African Clearing

510439824Analyzed
2v2 RM · 2d ago on Oct 1, 2026· 24m 1s· 4 players
Game mode
Random Map
Map size
Medium (4 player)
Population
200
Speed
Normal
Resources
Standard
Victory
Conquest
Starting age
Dark Age
Ending age
Imperial Age
RankedLock teamsTeams togetherTeam positionsShared explorationLock speedFull tech treeHidden civsTurbo modeCheats
Victory
Defeat
🇺🇸 Persians · United States
1451
+11
🇺🇸 Varangians · United States
1434
+12
🇦🇷 Hindustanis · Argentina
1348
-12
🇦🇷 Vietnamese · Argentina
1345
-11
AlitaDeMosca
6:51 Loom
12:45 Feudal Age
18:43 Castle Age
17:14 Double-Bit Axe
17:16 Horse Collar
18:54 Wheelbarrow
19:38 Bow Saw
21:45 Gold Mining
23:47 Squires
Xoki Pikeman
11:54 Feudal Age
12:59 Feudal Age
13:05 Loom
14:04 Double-Bit Axe
16:37 Castle Age
14:43 Horse Collar
17:35 Bow Saw
22:00 Fletching
SpaceWolf
9:20 Loom
12:45 Feudal Age
17:24 Castle Age
16:02 Fletching
16:51 Padded Archer Armor
18:11 Double-Bit Axe
22:55 Parthian Tactics
24:37 Ballistics
HaleDuck
12:27 Feudal Age
11:22 Loom
16:09 Castle Age
14:18 Double-Bit Axe
14:54 Arson
15:40 Scale Mail Armor
17:30 Squires
19:37 Gambesons
23:15 Chain Mail Armor
24:29 Forging
Connection lost

Rejoining the realm…

Still unreachable

The connection could not be restored.

Session expired

The server has moved on; the page needs a fresh start.